 Dungeon Crawl Stone Soup version 0.30.1-11-g7821555f0a (webtiles) character file.

Game seed: 5891997858247847198

104 Okkudo the Chopper (level 4, -3/40 HPs)
             Began as a Hill Orc Monk on Nov 29, 2023.
             Was a Believer of Beogh.
             Killed from afar by Ijyb (6 damage)
             ... with a bolt of acid
             ... on level 3 of the Dungeon.
             The game lasted 00:04:16 (1810 turns).

Okkudo the Chopper (Hill Orc Monk)                  Turns: 1810, Time: 00:04:17

Health: -3/40      AC:  3    Str: 15    XL:     4   Next: 80%
Magic:  4/4        EV: 12    Int: 10    God:    Beogh [**....]
Gold:   107        SH:  0    Dex: 13    Spells: 3/3 levels left

rFire   . . .        a - +0 hand axe
rCold   . . .        d - orb {light}
rNeg    . . .        b - +0 robe
rPois   .            e - +0 helmet
rElec   .            (no cloak)
rCorr   .            (no gloves)
SInv    .            (no boots)
Will    .....        (no amulet)
Stlth   +            (no ring)
HPRegen 0.26/turn    (no ring)
MPRegen 0.09/turn

%: no passive effects
@: glowing
A: no striking features
a: Renounce Religion, Smiting


You were on level 3 of the Dungeon.
You worshipped Beogh.
Beogh was pleased with you.
You visited 1 branch of the dungeon, and saw 3 of its levels.

You collected 107 gold pieces.

Inventory:

Hand Weapons
 a - a +0 hand axe (weapon)
Armour
 b - a +0 robe (worn)
 d - an orb of light (worn)
 e - a +0 helmet (worn)
Jewellery
 m - an amulet of magic regeneration
 r - a ring of protection from fire
Wands
 t - a wand of flame (16)
Scrolls
 g - a scroll of butterflies {unknown}
 k - a scroll of fog {unknown}
 l - a scroll of fear {unknown}
 n - a scroll of vulnerability {unknown}
 p - a scroll of magic mapping {unknown}
 q - a scroll of identify {unknown}
Potions
 c - a potion of ambrosia
 f - 3 potions of heal wounds {unknown}
 h - a potion of flight {unknown}
 i - a potion of lignification {unknown}
 j - a potion of degeneration {unknown}
 o - a potion of brilliance {unknown}
 s - a potion of haste {unknown}


   Skills:
 - Level 4.0 Fighting
 * Level 6.6 Axes
 - Level 2.6 Dodging


You had 3 spell levels left.
You didn't know any spells.
Your spell library was empty.

Dungeon Overview and Level Annotations

Branches:
Dungeon (3/15)

Altars:
Wu Jian

Annotations:
D:3 Ijyb


Message History

Ijyb closely misses you.
You hit Ijyb but do no damage.
Ijyb zaps a wand.
The bolt of acid misses you.
The bolt of acid hits the orc priest!!
The acid corrodes the orc priest!
The orc priest dies!
You hit Ijyb.
Ijyb is moderately wounded.
Ijyb hits you with a +0 club.
You hit Ijyb but do no damage.
Ijyb is lightly wounded.
Ijyb closely misses you.
You hit Ijyb.
Ijyb is moderately wounded.
Ijyb hits you with a +0 club.
You barely miss Ijyb.
Ijyb is moderately wounded.
Ijyb hits you with a +0 club.
You hit Ijyb.
Ijyb is heavily wounded.
Ijyb zaps a wand.
The bolt of acid misses you.
You hit Ijyb.
Ijyb is severely wounded.
Ijyb zaps a wand.
The bolt of acid misses you.
The bolt of acid hits the orc!
The orc dies!
You barely miss Ijyb.
Ijyb is severely wounded.
Ijyb misses you.
You barely miss Ijyb.
Ijyb is severely wounded.
Ijyb barely misses you.
You slash Ijyb!
Ijyb is almost dead.
Ijyb zaps a wand.
The bolt of acid hits you!
* * * LOW HITPOINT WARNING * * *
Ijyb attacks as you move away! Ijyb hits you with a +0 club.
* * * LOW HITPOINT WARNING * * *
You see here the +0 short sword of Disorder {freeze, rElec Dex+4}.
Ijyb attacks as you move away! Ijyb hits you with a +0 club.
* * * LOW HITPOINT WARNING * * *
Ijyb zaps a wand.
The bolt of acid hits you.
You die...

....#............#
.......<........#
......#........## ##
............##..## ..#
).....#.......#..##...#
......#....##.)#)w.._.#
......#.....##.g###...#
......#..........# ..#
......#....###..@# ##
......#....#
#...o......
#########..#
#.......... ##.#
#.......... #.#
#.....o.... #.#
##......... ...
.......... ....##....


You could see Ijyb, a neutral orc priest (wandering) and a neutral orc
(wandering).

Vanquished Creatures
  Jessica (D:2)
  4 adders (D:2)
  A worm (D:2)
  An orc (D:3)
  2 bats
  8 endoplasms
  2 giant cockroaches (D:1)
  2 hobgoblins (D:1)
  4 jackals (D:2)
  A quokka (D:2)
  2 ball pythons (D:2)
  A frilled lizard (D:2)
  2 goblins (D:1)
  6 rats
37 creatures vanquished.

Vanquished Creatures (others)
  An orc priest (D:3)
  An orc (D:3)
2 creatures vanquished.

Grand Total: 39 creatures vanquished

Notes
Turn   | Place    | Note
-------+----------+-------------------------------------------
     0 | D:1      | Okkudo the Hill Orc Monk began the quest for the Orb.
     0 | D:1      | Reached XP level 1. HP: 19/19 MP: 1/1
   131 | D:1      | Found a faded altar of an unknown god.
   256 | D:1      | Reached XP level 2. HP: 24/27 MP: 2/2
   793 | D:2      | Reached XP level 3. HP: 30/33 MP: 3/3
   828 | D:2      | Reached skill level 5 in Axes
  1226 | D:2      | HP: 1/33 [worm (9)]
  1363 | D:2      | Reached skill level 6 in Axes
  1363 | D:2      | Reached XP level 4. HP: 35/40 MP: 4/4
  1633 | D:2      | Noticed Jessica
  1638 | D:2      | Killed Jessica
  1780 | D:3      | Became a worshipper of Beogh the Brigand
  1780 | D:3      | Reached * piety under Beogh
  1780 | D:3      | Reached ** piety under Beogh
  1790 | D:3      | Noticed Ijyb
  1792 | D:3      | Found an ornate altar of the Wu Jian Council.
  1807 | D:3      | Identified the +0 short sword of Disorder {freeze, rElec
                  | Dex+4}
  1810 | D:3      | HP: 2/40 [Ijyb/+0 club (5)]
  1810 | D:3      | Killed from afar by Ijyb

Illustrated notes

Levels and vault maps discovered:
D:1:      dpeg_arrival_castle, layout_loops_ring, ebering_ecumenical_altar_webs
D:2:      layout_loops_cross, amcnicky_mini_pool_small,
          minmay_misc_feat_encased, nicolae_half_adder, uniq_jessica
D:3:      layout_rooms, mainiacjoe_overflow_alcove_2, uniq_ijyb, uniq_grinder

Skill      XL: |  1  2  3 |
---------------+----------+-----
Fighting       | 4 |  4.0
Axes           | 6 |  6.6
Dodging        | |  2.6

Action                     |  1- 3 |  4- 6 || total
---------------------------+-------+-------++-------
  Melee: Hand axe          |    85 |    33 ||   118
 Invoke: Convert to Beogh  |       |     1 ||     1
 Armour: Robe              |    17 |     5 ||    22
  Dodge: Dodged            |    54 |    19 ||    73
